| TOP OF THE 1ST |
|
South Bend Cubs batting - Pitching for Wisconsin Timber Rattlers : RHP Mark Hincks
|
|
Pitching: RHP Mark Hincks
|
|
|
Batting: RHB Jason Ostrom
|
0-0: Ball 1-0: Ball 2-0: Ball 3-0: Base on Balls
|
|
Batting: LHB Bill Tardiff
|
0-0: Called Strike Jason Ostrom steals 2nd base 0-1: Foul Ball, location: 2F 0-2: Strikes out swinging, 2-3 out at first.
|
|
Batting: RHB Mike Savage
|
0-0: Called Strike Jason Ostrom steals 3rd base (no throw) 0-1: Ball 1-1: Called Strike 1-2: Foul Ball, location: 2F 1-2: Ball 2-2: Ball 3-2: Foul Ball, location: 2F 3-2: Strikes out swinging
|
|
Batting: LHB Mike DiNardo
|
0-0: Swinging Strike 0-1: Called Strike 0-2: Ball 1-2: Strikes out swinging
|
| Top of the 1st over - 0 runs, 0 hits, 0 errors, 1 left on base; South Bend 0 - Wisconsin 0 |
| BOTTOM OF THE 1ST |
|
Wisconsin Timber Rattlers batting - Pitching for South Bend Cubs : RHP Jason Scott
|
|
Pitching: RHP Jason Scott
|
|
|
Batting: RHB Jeff Cornett
|
0-0: Ball 1-0: Called Strike 1-1: Ball 2-1: Ball 3-1: Foul Ball, location: 2F 3-2: Base on Balls
|
|
Batting: RHB Eddie McCoy
|
0-0: Ball 1-0: Foul Ball, location: 2F 1-1: Foul Ball, location: 2F 1-2: Strikes out swinging
|
|
Batting: RHB Joe LaDue
|
0-0: Ball 1-0: Ground out 6-3 (Groundball, 6MS, EV 61.2 MPH) Jeff Cornett to second
|
|
Batting: RHB Rafael Medina
|
0-0: Ball 1-0: Called Strike 1-1: Ground out 4-3 (Groundball, 4, EV 77.5 MPH)
|
| Bottom of the 1st over - 0 runs, 0 hits, 0 errors, 1 left on base; South Bend 0 - Wisconsin 0 |
| TOP OF THE 2ND |
|
South Bend Cubs batting - Pitching for Wisconsin Timber Rattlers : RHP Mark Hincks
|
|
Batting: SHB Benoît Morin
|
0-0: Ball 1-0: Ball 2-0: DOUBLE (Flyball, 8LXD, EV 100.0 MPH) - OUT at third base trying to stretch hit.
|
|
Batting: LHB Jim Polson
|
0-0: Ball 1-0: Called Strike 1-1: Ball 2-1: Ball 3-1: DOUBLE (Groundball, 5L, EV 98.8 MPH)
|
|
Batting: RHB Omar Novoa
|
0-0: Ball 1-0: Ball 2-0: Foul Ball, location: 2F 2-1: Swinging Strike 2-2: SINGLE (Line Drive, 8RS, EV 89.4 MPH) Jim Polson to third
|
|
Batting: RHB John Madden
|
0-0: Ball Omar Novoa steals 2nd base (no throw) 1-0: Called Strike 1-1: Called Strike 1-2: Ball 2-2: Strikes out looking
|
|
Batting: SHB Alvaro Andrade
|
0-0: Swinging Strike 0-1: Foul Ball, location: 2F 0-2: Ball 1-2: Ball 2-2: Strikes out swinging
|
| Top of the 2nd over - 0 runs, 3 hits, 0 errors, 2 left on base; South Bend 0 - Wisconsin 0 |
| BOTTOM OF THE 2ND |
|
Wisconsin Timber Rattlers batting - Pitching for South Bend Cubs : RHP Jason Scott
|
|
Batting: SHB Mitchell Greene
|
0-0: Ball 1-0: Ball 2-0: Called Strike 2-1: Called Strike 2-2: Ball 3-2: Base on Balls
|
|
Pitching: RHP Devin Ward
|
|
|
Batting: LHB Andy Sanchez
|
0-0: Fly out, F7 (Flyball, 7LS, EV 94.4 MPH)
|
|
Batting: RHB Gene Sutton
|
0-0: Ball Mitchell Greene steals 2nd base 1-0: Ball 2-0: Reached on error, E3 (Groundball, 3, EV 109.4 MPH) Mitchell Greene to third
|
|
Batting: RHB Tyler Badillo
|
0-0: Foul Ball, location: 2F 0-1: Ball 1-1: Ball Wild Pitch! Mitchell Greene scores Gene Sutton to second 2-1: Foul Ball, location: 2F 2-2: Ball 3-2: Foul Ball, location: 2F 3-2: Strikes out looking
|
|
Batting: RHB Raymond Young
|
0-0: Called Strike 0-1: Ball 1-1: Ball 2-1: Swinging Strike 2-2: Foul Ball, location: 2F 2-2: Ball 3-2: Base on Balls
|
|
Batting: RHB Jeff Cornett
|
0-0: Fielders Choice at 2nd, 4-6 (Groundball, 6M, EV 89.4 MPH)
|
| Bottom of the 2nd over - 1 run, 0 hits, 1 error, 2 left on base; South Bend 0 - Wisconsin 1 |
| TOP OF THE 3RD |
|
South Bend Cubs batting - Pitching for Wisconsin Timber Rattlers : RHP Mark Hincks
|
|
Batting: RHB Jason Ostrom
|
0-0: Swinging Strike 0-1: Ground out 6-3 (Groundball, 6, EV 88.1 MPH)
|
|
Batting: LHB Bill Tardiff
|
0-0: SINGLE (Groundball, 34D, EV 96.9 MPH)
|
|
Batting: RHB Mike Savage
|
0-0: Ball Bill Tardiff steals 2nd base 1-0: Ball 2-0: SINGLE (Groundball, 56D, EV 102.5 MPH) (infield hit) Bill Tardiff to third
|
|
Batting: LHB Mike DiNardo
|
0-0: Ball 1-0: Fly out, F8 (Flyball, 89M, EV 90.0 MPH)
|
|
Batting: SHB Benoît Morin
|
0-0: Ball 1-0: Called Strike 1-1: Ball 2-1: Called Strike 2-2: Foul Ball, location: 2F 2-2: Foul Ball, location: 2F 2-2: Foul Ball, location: 2F 2-2: Strikes out swinging
|
| Top of the 3rd over - 0 runs, 2 hits, 0 errors, 2 left on base; South Bend 0 - Wisconsin 1 |
| BOTTOM OF THE 3RD |
|
Wisconsin Timber Rattlers batting - Pitching for South Bend Cubs : RHP Devin Ward
|
|
Batting: RHB Eddie McCoy
|
0-0: Swinging Strike 0-1: Swinging Strike 0-2: Strikes out looking
|
|
Batting: RHB Joe LaDue
|
0-0: Swinging Strike 0-1: Ball 1-1: Ball 2-1: Ball 3-1: Reached on error, E6 (Groundball, 6, EV 83.1 MPH)
|
|
Pitching: RHP Josh Deyo
|
|
|
Batting: RHB Rafael Medina
|
0-0: Called Strike Joe LaDue steals 2nd base 0-1: Swinging Strike 0-2: Ball 1-2: Fly out, F8 (Flyball, 8LM, EV 93.8 MPH)
|
|
Batting: SHB Mitchell Greene
|
0-0: DOUBLE (Line Drive, 3D, EV 103.8 MPH) Joe LaDue scores
|
|
Batting: LHB Andy Sanchez
|
0-0: Ball 1-0: Ground out 4-3 (Groundball, 4M, EV 78.8 MPH)
|
| Bottom of the 3rd over - 1 run, 1 hit, 1 error, 1 left on base; South Bend 0 - Wisconsin 2 |
| TOP OF THE 4TH |
|
South Bend Cubs batting - Pitching for Wisconsin Timber Rattlers : RHP Mark Hincks
|
|
Batting: LHB Jim Polson
|
0-0: Ball 1-0: Ground out 6-3 (Groundball, 6, EV 83.1 MPH)
|
|
Batting: RHB Omar Novoa
|
0-0: Ball 1-0: Ball 2-0: Called Strike 2-1: Foul Ball, location: 2F 2-2: Fly out, F7 (Flyball, 7S, EV 92.5 MPH)
|
|
Batting: RHB John Madden
|
0-0: Called Strike 0-1: Called Strike 0-2: Strikes out swinging
|
| Top of the 4th over - 0 runs, 0 hits, 0 errors, 0 left on base; South Bend 0 - Wisconsin 2 |
| BOTTOM OF THE 4TH |
|
Wisconsin Timber Rattlers batting - Pitching for South Bend Cubs : RHP Josh Deyo
|
|
Batting: RHB Gene Sutton
|
0-0: Called Strike 0-1: Ball 1-1: Foul Ball, location: 2F 1-2: Ground out 5-3 (Groundball, 56, EV 86.2 MPH)
|
|
Batting: RHB Tyler Badillo
|
0-0: SINGLE (Groundball, 34D, EV 106.2 MPH)
|
|
Batting: RHB Raymond Young
|
0-0: Grounds into double play, 5-4-3 (Groundball, 56S, EV 83.8 MPH)
|
| Bottom of the 4th over - 0 runs, 1 hit, 0 errors, 0 left on base; South Bend 0 - Wisconsin 2 |
| TOP OF THE 5TH |
|
South Bend Cubs batting - Pitching for Wisconsin Timber Rattlers : RHP Mark Hincks
|
|
Batting: SHB Alvaro Andrade
|
0-0: Swinging Strike 0-1: Fly out, F8 (Line Drive, 8LM, EV 91.9 MPH)
|
|
Batting: RHB Jason Ostrom
|
0-0: Ball 1-0: Called Strike 1-1: Foul Ball, location: 2F 1-2: Ball 2-2: Ground out 6-3 (Groundball, 6, EV 91.2 MPH)
|
|
Batting: LHB Bill Tardiff
|
0-0: Called Strike 0-1: DOUBLE (Line Drive, 3D, EV 104.4 MPH)
|
|
Batting: RHB Mike Savage
|
0-0: Foul Ball, location: 2F 0-1: Called Strike 0-2: Foul Ball, location: 2F 0-2: SINGLE (Groundball, 4MD, EV 95.0 MPH) Bill Tardiff to third
|
|
Pitching: RHP Justin Orr
|
|
|
Batting: LHB Mike DiNardo
|
0-0: Called Strike 0-1: Ball 1-1: Ground out 4-3 (Groundball, 4S, EV 83.1 MPH)
|
| Top of the 5th over - 0 runs, 2 hits, 0 errors, 2 left on base; South Bend 0 - Wisconsin 2 |
| BOTTOM OF THE 5TH |
|
Wisconsin Timber Rattlers batting - Pitching for South Bend Cubs : RHP Josh Deyo
|
|
Batting: RHB Jeff Cornett
|
0-0: Called Strike 0-1: Swinging Strike 0-2: Ball 1-2: Ball 2-2: Strikes out swinging
|
|
Pitching: LHP Jose Carrillo
|
|
|
Batting: RHB Eddie McCoy
|
0-0: Ball 1-0: Foul Ball, location: 2F 1-1: Ball 2-1: Foul Ball, location: 2F 2-2: Ball 3-2: Base on Balls
|
|
Batting: RHB Joe LaDue
|
0-0: Foul Ball, location: 2F 0-1: SINGLE (Flyball, 34D, EV 91.2 MPH) Eddie McCoy to second
|
|
Batting: RHB Rafael Medina
|
0-0: SINGLE (Line Drive, 9LS, EV 105.0 MPH) Eddie McCoy to third Joe LaDue to second
|
|
Batting: SHB Mitchell Greene
|
0-0: Called Strike 0-1: Ball Wild Pitch! Eddie McCoy scores Joe LaDue to third Rafael Medina to second 1-1: Called Strike 1-2: SINGLE (Line Drive, 8LS, EV 93.1 MPH) Joe LaDue scores Rafael Medina to third
|
|
Batting: LHB Andy Sanchez
|
0-0: Foul Ball, location: 2F 0-1: Called Strike 0-2: SINGLE (Line Drive, 8LS, EV 99.4 MPH) Rafael Medina scores Mitchell Greene to second
|
|
Batting: RHB Gene Sutton
|
0-0: DOUBLE (Flyball, 78XD, EV 96.9 MPH) Mitchell Greene scores Andy Sanchez to third
|
|
Pitching: RHP Jean-Paul Lefebvre
|
|
|
Batting: RHB Tyler Badillo
|
0-0: Ball 1-0: Fly out, F2 (Popup, 2LF, EV 82.5 MPH)
|
|
Batting: RHB Raymond Young
|
0-0: Called Strike 0-1: Ball 1-1: SINGLE (Groundball, 34D, EV 106.9 MPH) Andy Sanchez scores Gene Sutton to third Runner from 3rd tries for Home, SAFE, throw by RF to home
|
|
Batting: RHB Jeff Cornett
|
0-0: Ball 1-0: Ball 2-0: Ball 3-0: Base on Balls Raymond Young to second
|
|
Batting: RHB Eddie McCoy
|
0-0: Ball 1-0: Ball 2-0: Ball 3-0: Base on Balls Raymond Young to third Jeff Cornett to second
|
|
Batting: RHB Joe LaDue
|
0-0: Foul Ball, location: 2F 0-1: Called Strike 0-2: Foul Ball, location: 2F 0-2: Ball 1-2: Strikes out swinging
|
| Bottom of the 5th over - 6 runs, 6 hits, 0 errors, 3 left on base; South Bend 0 - Wisconsin 8 |
| TOP OF THE 6TH |
|
South Bend Cubs batting - Pitching for Wisconsin Timber Rattlers : RHP Justin Orr
|
|
Batting: SHB Benoît Morin
|
0-0: Ball 1-0: Foul Ball, location: 2F 1-1: Ball 2-1: Ball 3-1: DOUBLE (Line Drive, 78D, EV 111.2 MPH)
|
|
Batting: LHB Jim Polson
|
0-0: Called Strike 0-1: Ball 1-1: Ball 2-1: Fly out, F7 (Line Drive, 7, EV 108.1 MPH)
|
|
Batting: RHB Omar Novoa
|
0-0: Ball 1-0: Called Strike 1-1: Ball 2-1: Called Strike 2-2: Strikes out swinging
|
|
Batting: RHB John Madden
|
0-0: Ball 1-0: Swinging Strike 1-1: Ball 2-1: Swinging Strike 2-2: Fly out, F7 (Line Drive, 7, EV 89.4 MPH)
|
| Top of the 6th over - 0 runs, 1 hit, 0 errors, 1 left on base; South Bend 0 - Wisconsin 8 |
| BOTTOM OF THE 6TH |
|
Wisconsin Timber Rattlers batting - Pitching for South Bend Cubs : RHP Jean-Paul Lefebvre
|
|
Pitching: LHP Nate George
|
|
|
Batting: RHB Rafael Medina
|
0-0: Ball 1-0: Called Strike 1-1: Swinging Strike 1-2: Ball 2-2: Ball 3-2: Foul Ball, location: 2F 3-2: Foul Ball, location: 2F 3-2: SINGLE (Line Drive, 56, EV 110.6 MPH)
|
|
Batting: SHB Mitchell Greene
|
0-0: Called Strike 0-1: DOUBLE (Line Drive, 7LM, EV 93.8 MPH) Rafael Medina to third
|
|
Batting: LHB Andy Sanchez
|
0-0: Foul Ball, location: 2F 0-1: Swinging Strike 0-2: Foul Ball, location: 2F 0-2: Foul Ball, location: 2F 0-2: Ball 1-2: Ball 2-2: Strikes out looking
|
|
Batting: RHB Gene Sutton
|
0-0: Called Strike 0-1: Fly out, F9 (Flyball, 9S, EV 83.1 MPH)
|
|
Pitching: RHP Eric Allen
|
|
|
Batting: RHB Tyler Badillo
|
0-0: Ball 1-0: SINGLE (Line Drive, 6MD, EV 95.0 MPH) Rafael Medina scores Mitchell Greene to third Runner from 3rd tries for Home, SAFE, throw by CF to home Tyler Badillo to second
|
|
Batting: RHB Raymond Young
|
0-0: Ball 1-0: Fly out, F4 (Popup, 4, EV 56.2 MPH)
|
| Bottom of the 6th over - 2 runs, 3 hits, 0 errors, 1 left on base; South Bend 0 - Wisconsin 10 |
| TOP OF THE 7TH |
|
South Bend Cubs batting - Pitching for Wisconsin Timber Rattlers : RHP Justin Orr
|
|
Batting: SHB Alvaro Andrade
|
0-0: Swinging Strike 0-1: Foul Ball, location: 2F 0-2: Ball 1-2: Strikes out swinging
|
|
Batting: RHB Jason Ostrom
|
0-0: Called Strike 0-1: Called Strike 0-2: Strikes out looking
|
|
Batting: LHB Bill Tardiff
|
0-0: Called Strike 0-1: Ball 1-1: Swinging Strike 1-2: Ball 2-2: Strikes out swinging
|
| Top of the 7th over - 0 runs, 0 hits, 0 errors, 0 left on base; South Bend 0 - Wisconsin 10 |
| BOTTOM OF THE 7TH |
|
Wisconsin Timber Rattlers batting - Pitching for South Bend Cubs : RHP Eric Allen
|
|
Batting: RHB Jeff Cornett
|
0-0: Fly out, F3 (Popup, 3F, EV 71.2 MPH)
|
|
Batting: RHB Eddie McCoy
|
0-0: Ball 1-0: Swinging Strike 1-1: Swinging Strike 1-2: Ball 2-2: Ball 3-2: Fly out, F5 (Line Drive, 5, EV 73.8 MPH)
|
|
Batting: RHB Joe LaDue
|
0-0: Ball 1-0: Ball 2-0: Called Strike 2-1: Foul Ball, location: 2F 2-2: Ball 3-2: Base on Balls
|
|
Batting: RHB Rafael Medina
|
0-0: DOUBLE (Line Drive, 89XD, EV 108.1 MPH) Joe LaDue to third Runner from 3rd tries for Home, SAFE, no throw by CF
|
|
Pitching: LHP Shuan-yan Wu
|
|
|
Batting: SHB Mitchell Greene
|
0-0: Foul Ball, location: 2F 0-1: Ball 1-1: Foul Ball, location: 2F 1-2: SINGLE (Groundball, 6MD, EV 105.6 MPH) Rafael Medina to third Runner from 3rd tries for Home, SAFE, throw by CF to home
|
|
Batting: LHB Andy Sanchez
|
0-0: Foul Ball, location: 2F 0-1: Swinging Strike 0-2: Ball 1-2: Ball 2-2: Fielders Choice at 2nd, 5-4 (Groundball, 56, EV 103.8 MPH)
|
| Bottom of the 7th over - 2 runs, 2 hits, 0 errors, 1 left on base; South Bend 0 - Wisconsin 12 |
| TOP OF THE 8TH |
|
South Bend Cubs batting - Pitching for Wisconsin Timber Rattlers : RHP Justin Orr
|
|
Pitching: RHP Jason Ukena
|
|
|
Batting: RHB Mike Savage
|
0-0: Ball 1-0: Foul Ball, location: 2F 1-1: SINGLE (Groundball, 13, EV 86.9 MPH) (infield hit)
|
|
Batting: LHB Mike DiNardo
|
0-0: Called Strike 0-1: SINGLE (Groundball, 4MD, EV 97.5 MPH) Mike Savage to second
|
|
Batting: SHB Benoît Morin
|
0-0: Ball 1-0: Ball 2-0: Called Strike 2-1: SINGLE (Groundball, 4MD, EV 105.6 MPH) Mike Savage to third Mike DiNardo to second Runner from 3rd tries for Home, SAFE, throw by CF to home
|
|
Batting: LHB Jim Polson
|
0-0: Ball 1-0: Foul Ball, location: 2F 1-1: Called Strike 1-2: SINGLE (Groundball, 6M, EV 85.6 MPH) (infield hit) Mike DiNardo to third Benoît Morin to second
|
|
Batting: RHB Omar Novoa
|
0-0: Foul Ball, location: 2F 0-1: Called Strike 0-2: Ball 1-2: Foul Ball, location: 2F 1-2: Ball 2-2: Fly out, F9 (Line Drive, 9, EV 91.9 MPH) Runner from 3rd tags up, SCORES, throw by RF
|
|
Batting: RHB John Madden
|
0-0: Fielders Choice at 2nd, 1-4 (Groundball, 15S, EV 67.5 MPH) Benoît Morin to third
|
|
Batting: SHB Alvaro Andrade
|
0-0: Foul Ball, location: 2F 0-1: Foul Ball, location: 2F 0-2: Ball 1-2: Foul Ball, location: 2F 1-2: Fly out, F7 (Flyball, 78S, EV 93.1 MPH)
|
| Top of the 8th over - 2 runs, 4 hits, 0 errors, 2 left on base; South Bend 2 - Wisconsin 12 |
| BOTTOM OF THE 8TH |
|
Wisconsin Timber Rattlers batting - Pitching for South Bend Cubs : LHP Shuan-yan Wu
|
|
Batting: RHB Gene Sutton
|
0-0: SOLO HOME RUN (Flyball, 7D, EV 99.4 MPH), Distance : 368 ft
|
|
Batting: RHB Tyler Badillo
|
0-0: Called Strike 0-1: Ball 1-1: SOLO HOME RUN (Flyball, 7D, EV 95.6 MPH), Distance : 363 ft
|
|
Batting: RHB Raymond Young
|
0-0: Ground out 4-3 (Groundball, 4, EV 82.5 MPH)
|
|
Batting: RHB Jeff Cornett
|
0-0: Ball 1-0: Ground out 5-3 (Groundball, 15, EV 84.4 MPH)
|
|
Batting: RHB Eddie McCoy
|
0-0: Swinging Strike 0-1: Ball 1-1: Ground out 6-3 (Groundball, 6, EV 88.8 MPH)
|
| Bottom of the 8th over - 2 runs, 2 hits, 0 errors, 0 left on base; South Bend 2 - Wisconsin 14 |
| TOP OF THE 9TH |
|
South Bend Cubs batting - Pitching for Wisconsin Timber Rattlers : RHP Jason Ukena
|
|
Batting: RHB Jason Ostrom
|
0-0: Swinging Strike 0-1: Ball 1-1: Foul Ball, location: 2F 1-2: Foul Ball, location: 2F 1-2: Foul Ball, location: 2F 1-2: Ball 2-2: Ball 3-2: Foul Ball, location: 2F 3-2: Ground out 6-3 (Groundball, 56D, EV 86.9 MPH)
|
|
Batting: LHB Bill Tardiff
|
0-0: Ball 1-0: Ball 2-0: Ball 3-0: Base on Balls
|
|
Pitching: RHP Joe Shaw
|
|
|
Batting: RHB Mike Savage
|
0-0: Ball 1-0: Ball 2-0: Called Strike 2-1: Ball 3-1: Base on Balls Bill Tardiff to second
|
|
Batting: LHB Mike DiNardo
|
0-0: Called Strike 0-1: Foul Ball, location: 2F 0-2: Foul Ball, location: 2F 0-2: Fly out, F4 (Popup, 4, EV 58.8 MPH)
|
|
Batting: SHB Benoît Morin
|
0-0: Ball 1-0: Fly out, F4 (Line Drive, 4, EV 60.6 MPH)
|
| Top of the 9th over - 0 runs, 0 hits, 0 errors, 2 left on base; South Bend 2 - Wisconsin 14 |
|